 Dungeon Crawl Stone Soup version 0.28.0-53-g5a82cb258f (webtiles) character file.

Game seed: 17898447474040188550

27 bnorton916 the Firebug (level 2, 0/15 HPs)
             Began as a Deep Elf Fire Elementalist on June 7, 2022.
             Succumbed to an adder's poison
             ... on level 2 of the Dungeon.
             The game lasted 00:01:33 (2105 turns).

bnorton916 the Firebug (Deep Elf Fire Elementalist) Turns: 2105, Time: 00:01:34

Health: 0/15       AC:  2    Str:  5    XL:     2   Next: 93%
Magic:  2/8        EV: 12    Int: 19    God:
Gold:   30         SH:  0    Dex: 15    Spells: 5/8 levels left

rFire   . . .      SeeInvis .   (no weapon)
rCold   . . .      Faith    .   (no shield)
rNeg    . . .      Spirit   .   a - +0 robe
rPois   .          Reflect  .   (no helmet)
rElec   .          Harm     .   (no cloak)
rCorr   .          Rampage  .   (no gloves)
Will    .....                   (no boots)
Stlth   ++........              (no amulet)
HPRegen 0.05/turn               (no ring)
MPRegen 0.11/turn               (no ring)

@: lethally poisoned (0 -> -7)
A: no striking features
a: no special abilities


You were on level 2 of the Dungeon.
You visited 1 branch of the dungeon, and saw 2 of its levels.

You collected 30 gold pieces.

Inventory:

Missiles
 h - 36 stones
Armour
 a - a +0 robe (worn)
Jewellery
 i - a ring of positive energy
Scrolls
 c - a scroll of amnesia {unknown}
 d - a scroll of fear {unknown}
 f - a scroll of teleportation {unknown}
Potions
 b - a potion of flight {unknown}
 e - a potion of curing {unknown}
 g - a potion of cancellation {unknown}


   Skills:
 - Level 2.4 Dodging
 - Level 2.4 Stealth
 + Level 3.6 Spellcasting
 + Level 2.0 Conjurations
 + Level 3.8 Fire Magic


You had 5 spell levels left.
You knew the following spells:

 Your Spells              Type           Power      Damage    Failure   Level
a - Foxfire               Conj/Fire      56%        2x1d6     4%          1
b - Scorch                Fire           36%        2d6       4%          2

Your spell library contained the following spells:

 Spells                   Type           Power      Damage    Failure   Level
 Conjure Flame            Conj/Fire      14%        6-21      13%         3
 Inner Flame              Hex/Fire       10%        N/A       21%         3
 Flame Wave               Conj/Fire      14%        2d6       38%         4
 Call Canine Familiar     Summ           3%         N/A       41%         3
 Portal Projectile        Hex/Tloc       6%         N/A       41%         3
 Leda's Liquefaction      Hex/Erth       1%         N/A       82%         4


Dungeon Overview and Level Annotations

Branches:
Dungeon (2/15)

Altars:

Shops:
D:2 [[


Message History

An adder comes into view.
The adder hisses angrily.
A rat comes into view.
The adder moves out of view.
Unknown command.
A rat is nearby!
Casting: Foxfire (safe; 4% risk of failure)
Confirm with . or Enter, or press ? or * to list all spells.
You conjure some foxfire!
The foxfire hits the adder.
The adder is lightly wounded.
Casting: Foxfire (safe; 4% risk of failure)
Confirm with . or Enter, or press ? or * to list all spells.
You conjure some foxfire!
The foxfire hits the adder.
The adder is moderately wounded.
The foxfire hits the adder.
The adder is heavily wounded.
The adder bites you.
You are poisoned.
The adder poisons you!
The foxfire hits the adder.
The adder is almost dead.
The adder bites you.
You are lethally poisoned!
The adder poisons you!
Casting: Foxfire (safe; 4% risk of failure)
Confirm with . or Enter, or press ? or * to list all spells.
Flames lash the adder.
You kill the adder!
You feel very sick.
Your Conjurations skill increases to level 2!
* * * LOW HITPOINT WARNING * * *
You feel very sick.
Unknown command.
Casting: Scorch (safe; 4% risk of failure)
Confirm with . or Enter, or press ? or * to list all spells.
Flames lash the rat.
You kill the rat!
* * * LOW HITPOINT WARNING * * *
You feel sick.
You die...

###. ###### .... #.....
... #.##.# ..# #.##.###
..# ##.##.#.## ..#
#######).......##..####.
......#'#.#.....@.......
#.≈.#..........####.
#≈≈.###.#..###.#
+..∩..+.#..# .#
###.≈≈#.#..# .#
#.≈......###.#
#†#..........#
#..........####
###............


There were no monsters in sight!

Vanquished Creatures
  An adder (D:2)
  A ball python (D:1)
  3 endoplasms (D:1)
  2 giant cockroaches (D:1)
  2 jackals (D:1)
  A bat (D:2)
  3 frilled lizards (D:1)
  3 kobolds (D:1)
  2 rats (D:2)
18 creatures vanquished.

Vanquished Creatures (others)
  97 foxfires
97 creatures vanquished.

Grand Total: 115 creatures vanquished

Notes
Turn   | Place    | Note
-------+----------+-------------------------------------------
     0 | D:1      | bnorton916 the Deep Elf Fire Elementalist began the quest
                  | for the Orb.
     0 | D:1      | Reached XP level 1. HP: 10/10 MP: 6/6
   988 | D:1      | Found a faded altar of an unknown god.
  1018 | D:1      | Reached XP level 2. HP: 15/15 MP: 6/8
  1780 | D:1      | Learned a level 2 spell: Scorch
  1859 | D:2      | Found Jattonn's Armour Boutique.
  2042 | D:2      | Found Ycias's Armour Emporium.
  2105 | D:2      | Succumbed to an adder's poison

Illustrated notes

Levels and vault maps discovered:
D:1:      saegor_arrival_simple_e, layout_basic,
          hellmonk_ecumenical_altar_zigzags, minivault_25,
          hangedman_decor_clover_reticule, minmay_misc_feat_enclosed
D:2:      layout_loops_ring, serial_shops, nicolae_shop_hallway_plus,
          nicolae_shop_hallway_plus, nicolae_shop_statue_plus, shop

Skill      XL: |  1  2 |
---------------+-------+-----
Conjurations   | 2 |  2.0
Dodging        | |  2.4
Stealth        | |  2.4
Spellcasting   | |  3.6
Fire Magic     | |  3.8

Action                   || total
-------------------------++-------
 Cast: Foxfire           ||    64
       Scorch            ||     2
Armor: Robe              ||     5
Dodge: Dodged            ||    12
